cohdb
Replays
Latest Replays
All Replays
Popular Replays
Top Player Replays
Match Explorer
How It Works
Community
CoH3 Stats
Reddit
Sign in to upload your games and track your stats! →
Sign in with Steam
Match 24318711
Unlisted
Match 24318711
Overview
Messages
Build Orders
End
Construct Barracks
Riflemen Squad
Selects Advanced Infantry Battlegroup
Riflemen Squad
Riflemen Squad
Selects Convert to Ranger Squad
Convert to Ranger Squad
Air Support Center
Convert to Ranger Squad
P-47 Dive Bomb
Selects Frontline Medical Station
Frontline Medical Station
Construct Motor Pool
Convert to Ranger Squad
P-47 Strafing Run
Riflemen Squad
M1 Anti-tank Gun Team
Selects Infantry Assault
Infantry Assault
Construct Tank Depot
Selects Ammunition Storage
Convert to Ranger Squad
M18 Hellcat Tank Destroyer
M18 Hellcat Tank Destroyer
M1918 Browning Automatic Rifles
Selects M2A1 105mm Howitzer Emplacement
Selects 155mm Rapid Artillery Barrage
Engineer Squad
Double Sortie
P-47 Dive Bomb
P-47 Dive Bomb
M1 Anti-tank Gun Team
P-47 Dive Bomb
P-47 Dive Bomb
Air Supremacy
Air Supply
Advanced Air Reconnaissance
Infantry Assault
155mm Rapid Artillery Barrage
iceman
sitrock
kurowasiichi
addnilb
세이버
수요자
gimojji
956포병대대
0
0
Comments
sign in to comment!
No comments posted yet!